Map: Deathaura LE

Players

EnDerr

  • Race: Zerg Zerg
  • Spawn Location: 11:00

RazerBlader - Winner!

  • Race: Terran Terran
  • League: Master
  • Spawn Location: 5:00

Event: DreamHack SC2 Masters 2020 Winter

VOD

Have the link to the VOD?

Description

Time

  • Played on: Oct. 17, 2020, 6:04 a.m.
  • Length: 14:06

All games in this series

Show
View Real Time Build Order
Export as new Build Order

EnDerr Zerg 

Build Orders: Hatch First 

Get SALT Encoding   

  12  0:00  Drone  
  13  0:12  Overlord  
  13  0:19  Drone  
  14  0:31  Drone  
  14  0:32  Drone  
  16  0:48  Hatchery  
  15  0:51  Drone  
  15  0:55  Drone  
  17  0:59  Drone  
  18  1:09  Extractor  
  17  1:14  Spawning Pool  
  17  1:17  Drone  
  17  1:20  Drone  
  18  1:29  Drone  
  19  1:39  Drone  
  20  1:50  Overlord  
  20  2:01  Zergling x4, Queen x2  
  26  2:11  Metabolic Boost  
  26  2:18  Drone x2  
  28  2:26  Extractor  
  28  2:28  Drone x2  
  29  2:35  Overlord  
  29  2:36  Drone  
  31  2:42  Extractor  
  30  2:47  Queen  
  32  2:55  Drone x4  
  37  3:04  Hatchery  
  36  3:10  Pneumatized Carapace  
  36  3:15  Overlord  
  36  3:16  Drone  
  37  3:29  Zergling x4  
  37  3:31  Drone x2  
  41  3:35  Drone  
  41  3:36  Drone  
  41  3:37  Drone  
  44  3:41  Baneling Nest  
  43  3:50  Overlord  
  43  3:51  Drone x2  
  45  4:02  Overlord  
  45  4:08  Zergling x12  
  51  4:16  Overlord  
  49  4:20  Queen, Drone x2  
  53  4:26  Drone  
  53  4:27  Spore Crawler, Drone  
  53  4:28  Spore Crawler  
  53  4:29  Drone x2  
  53  4:31  Queen  
  57  4:40  Zergling x6  
  57  4:44  Zergling x2  
  57  4:45  Zergling x2  
  62  4:48  Overlord  
  62  4:49  Spore Crawler  
  62  4:51  Drone x4  
  65  4:58  Evolution Chamber  
  64  5:01  Evolution Chamber, Drone  
  64  5:02  Drone  
  66  5:07  Drone x4  
  66  5:10  Drone x2  
  66  5:11  Drone  
  72  5:16  Overlord  
  72  5:20  Drone x2  
  72  5:25  Zerg Ground Armor Level 1  
  72  5:27  Drone x2  
  73  5:28  Overlord  
  73  5:34  Zergling x4  
  73  5:35  Zergling x2  
  65  5:38  Zergling x2  
  59  5:45  Drone x2  
  59  5:46  Zergling x2  
  59  5:47  Drone x2  
  59  5:48  Drone  
  61  5:51  Zerg Melee Weapons Level 1  
  61  5:54  Drone  
  61  5:56  Drone  
  55  5:58  Drone x2  
  55  6:00  Drone  
  55  6:03  Drone x2  
  55  6:04  Drone  
  58  6:06  Lair  
  58  6:08  Drone  
  58  6:09  Drone x2  
  61  6:17  Drone x3  
  64  6:22  Drone x2  
  64  6:24  Extractor  
  65  6:26  Drone x4, Extractor  
  65  6:30  Drone  
  65  6:32  Drone x2  
  71  6:36  Overlord  
  71  6:42  Drone  
  71  6:44  Zergling x6  
  71  6:45  Zergling x4  
  77  6:49  Hatchery  
  77  6:51  Zergling x4  
  77  6:53  Zergling x2  
  77  6:54  Zergling x6  
  82  6:56  Zergling x2  
  82  6:57  Queen  
  82  7:00  Zergling x2  
  86  7:03  Centrifical Hooks  
  86  7:06  Overlord  
  86  7:07  Zergling x2  
  86  7:09  Zergling x4  
  86  7:11  Zergling x2  
  86  7:12  Zergling x2  
  86  7:15  Overseer  
  86  7:19  Zergling x2  
  80  7:28  Zerg Ground Armor Level 2  
  80  7:31  Drone x5  
  80  7:32  Drone x3  
  80  7:33  Drone x3  
  91  7:38  Zergling x2  
  91  7:39  Zergling x2  
  91  7:41  Extractor x2, Baneling x5  
  91  7:51  Hatchery  
  90  7:52  Zergling x8  
  94  7:59  Overlord, Zerg Melee Weapons Level 2  
  94  8:03  Drone x9  
  103  8:12  Zergling x4  
  105  8:13  Zergling x2  
  105  8:14  Zergling x2  
  107  8:21  Spore Crawler  
  107  8:24  Zergling x2  
  107  8:25  Zergling x2  
  104  8:34  Hydralisk Den  
  104  8:36  Overlord x6  
  104  8:37  Infestation Pit, Extractor  
  104  8:38  Zergling x6  
  104  8:39  Queen  
  106  8:43  Zergling x2  
  106  8:45  Zergling x2  
  106  8:49  Zergling x2  
  106  8:50  Zergling x2  
  104  8:59  Overlord  
  104  9:00  Zergling x20  
  114  9:03  Zergling x2  
  114  9:05  Zergling x4  
  114  9:06  Queen  
  114  9:07  Grooved Spines  
  114  9:08  Overlord  
  119  9:15  Hive  
  118  9:17  Zergling x14  
  118  9:18  Drone  
  118  9:19  Extractor  
  122  9:31  Hydralisk x8, Baneling x9  
  122  9:33  Zergling x4  
  139  9:39  Zergling x10  
  139  9:40  Baneling  
  139  9:41  Baneling x3  
  142  9:46  Zergling x2  
  142  9:47  Zergling x6  
  142  9:49  Zergling x2  
  142  9:51  Zergling x2  
  142  9:52  Zergling x4  
  143  9:56  Baneling x7  
  143  9:57  Baneling x3  
  143  9:58  Zergling x2  
  143  9:59  Zergling x2  
  144  10:00  Zergling x2  
  144  10:02  Zergling x2  
  144  10:03  Zergling x4  
  144  10:04  Hydralisk  
  144  10:06  Zergling x2  
  135  10:09  Zergling x2  
  135  10:10  Zergling x2  
  130  10:25  Drone  
  131  10:34  Zergling x24  
  131  10:35  Zergling x6  
  140  10:39  Zergling x4  
  140  10:41  Drone x2  
  144  10:47  Zergling x2  
  144  10:48  Zergling x2  
  145  10:52  Zergling x2  
  145  10:54  Zergling x2  
  145  10:55  Zergling x4  
  123  10:57  Zergling x2  
  123  10:59  Overseer  
  123  11:00  Zerg Melee Weapons Level 3, Zerg Ground Armor Level 3  
  123  11:01  Adrenal Glands  
  123  11:02  Zergling x2  
  123  11:03  Zergling x8  
  122  11:07  Viper x2, Baneling x3  
  122  11:09  Baneling x2  
  122  11:10  Baneling  
  122  11:11  Zergling x2  
  127  11:12  Zergling x2  
  127  11:15  Zergling x6  
  127  11:16  Zergling x2  
  132  11:19  Baneling x5  
  132  11:22  Zergling x2  
  132  11:24  Zergling x2  
  132  11:25  Zergling x4  
  133  11:27  Zergling x2  
  133  11:29  Zergling x4  
  133  11:30  Hydralisk  
  133  11:31  Hydralisk  
  126  11:33  Hydralisk  
  126  11:34  Zergling x2  
  126  11:35  Zergling x2  
  126  11:38  Zergling x2  
  126  11:39  Zergling x2  
  114  11:40  Zergling x2  
  114  11:41  Zergling x2  
  114  11:44  Zergling x2  
  114  11:46  Baneling x8  
  111  11:52  Zergling x2  
  112  11:55  Zergling x6  
  112  11:58  Zergling x10  
  119  12:02  Zergling x8  
  119  12:05  Baneling x6  
  122  12:09  Zergling x2  
  122  12:13  Zergling x4  
  122  12:14  Zergling x2  
  124  12:16  Zergling x2  
  124  12:17  Zergling x2  
  124  12:18  Zergling x2  
  124  12:19  Zergling x8  
  124  12:20  Hydralisk x2  
  135  12:26  Zergling x2  
  135  12:27  Zergling x10  
  139  12:31  Zergling x2  
  139  12:33  Zergling x2  
  139  12:36  Zergling x4  
  137  12:37  Zergling x2  
  137  12:38  Zergling x2  
  137  12:40  Hydralisk  
  137  12:41  Baneling x6  
  137  12:42  Hydralisk, Baneling x2  
  134  12:45  Zergling x2  
  134  12:49  Zergling x4  
  134  12:50  Zergling x4  
  130  12:51  Zergling x2  
  130  12:57  Hydralisk x3  
  131  13:00  Zergling x2  
  131  13:03  Zergling x2  
  131  13:04  Zergling x10  
  138  13:05  Zergling x2  
  138  13:07  Baneling x4  
  138  13:12  Zergling x2  
  137  13:19  Zergling x4  
  107  13:20  Zergling x4  
  107  13:21  Zergling x2  
  107  13:22  Zergling x2  
  107  13:24  Zergling x2  
  106  13:27  Zergling x4  
  106  13:30  Hydralisk x2  
  106  13:33  Zergling x6  
  100  13:34  Zergling x2  
Show
View Real Time Build Order
Export as new Build Order

RazerBlader Terran - Winner!

Build Orders: Liberator Opening, Reaper Expand 

Get SALT Encoding   

  12  0:00  SCV  
  13  0:12  SCV  
  14  0:17  Supply Depot  
  14  0:24  SCV  
  15  0:38  SCV  
  15  0:40  Barracks  
  16  0:43  Refinery  
  16  0:50  SCV  
  17  1:02  SCV  
  18  1:15  SCV  
  19  1:27  Reaper, Orbital Command  
  20  1:40  Command Center  
  20  1:47  Supply Depot  
  20  1:53  SCV  
  21  1:59  Marine  
  22  2:05  SCV  
  23  2:11  Factory  
  23  2:17  SCV  
  24  2:24  Barracks Reactor  
  25  2:30  SCV  
  25  2:42  SCV  
  26  2:47  Command Center  
  26  2:53  Orbital Command  
  26  2:54  SCV  
  27  3:08  Refinery  
  27  3:09  SCV  
  27  3:10  Starport  
  28  3:17  Hellion  
  28  3:18  Hellion  
  32  3:20  SCV  
  32  3:23  Marine  
  32  3:26  SCV  
  35  3:32  SCV  
  36  3:38  SCV  
  36  3:40  Hellion x2  
  40  3:44  SCV  
  40  3:47  Liberator  
  44  3:50  SCV  
  44  3:52  Barracks Tech Lab  
  45  3:56  SCV  
  45  4:00  Orbital Command  
  46  4:03  SCV, Hellion  
  46  4:06  Hellion  
  46  4:08  SCV  
  52  4:14  Stimpack  
  52  4:15  SCV  
  53  4:23  SCV  
  53  4:24  Marine  
  53  4:25  Hellion  
  53  4:27  SCV  
  53  4:28  Hellion  
  53  4:29  SCV  
  59  4:31  Supply Depot  
  59  4:35  SCV  
  60  4:40  SCV  
  60  4:41  Starport Reactor  
  61  4:48  Supply Depot, Engineering Bay, Barracks  
  61  4:49  Engineering Bay  
  61  4:53  SCV x2  
  61  4:54  Barracks  
  61  4:56  SCV  
  61  4:58  Factory Reactor  
  64  5:00  Refinery  
  64  5:02  Refinery  
  64  5:05  SCV, Supply Depot  
  65  5:07  Orbital Command  
  65  5:11  SCV  
  65  5:14  Marine  
  67  5:23  SCV  
  65  5:28  Barracks x2  
  65  5:30  Starport Reactor  
  65  5:32  Marine  
  64  5:35  SCV  
  64  5:36  SCV  
  64  5:37  SCV  
  65  5:43  Terran Infantry Weapons Level 1, Terran Infantry Armor Level 1  
  65  5:44  Marine  
  65  5:48  SCV  
  65  5:49  Marine  
  64  5:50  SCV  
  63  6:00  Marine x3  
  63  6:01  SCV x2  
  63  6:02  SCV  
  63  6:06  Refinery  
  63  6:07  Combat Shield, Widow Mine x2, Marine x2  
  69  6:12  Medivac x2  
  69  6:13  SCV x2  
  69  6:14  SCV  
  69  6:18  Supply Depot, Marine  
  77  6:22  Barracks Reactor  
  77  6:25  SCV x2, Marine  
  78  6:26  SCV  
  78  6:27  Barracks Reactor, Marine x2  
  78  6:28  Supply Depot, Marine  
  78  6:29  Supply Depot  
  84  6:35  Marine  
  84  6:37  Supply Depot  
  84  6:39  SCV x3  
  92  6:40  Widow Mine x2  
  92  6:42  Armory  
  92  6:43  Marine  
  92  6:45  Marine x2  
  95  6:51  SCV x2, Marine  
  95  6:52  SCV  
  95  6:53  Supply Depot, Marine  
  100  6:58  Factory  
  100  7:01  Marine x2  
  102  7:03  Supply Depot, Marine x2, Widow Mine  
  102  7:04  SCV x2  
  108  7:08  Marine  
  108  7:10  Marine  
  108  7:11  Marine x2  
  108  7:14  Medivac, Marine  
  108  7:15  Medivac  
  114  7:18  Marine x2  
  114  7:21  Marine x2  
  115  7:26  SCV, Marine  
  115  7:28  Marine x2  
  115  7:30  Marine  
  115  7:31  SCV, Marine  
  115  7:35  SCV  
  115  7:36  Marine x2  
  123  7:37  Widow Mine x2  
  123  7:38  Command Center  
  125  7:45  Factory Tech Lab  
  125  7:46  Terran Infantry Armor Level 2, Terran Infantry Weapons Level 2  
  125  7:47  Medivac  
  127  7:54  Medivac  
  127  7:55  Marine x2  
  131  7:59  Supply Depot  
  131  8:00  Marine  
  131  8:03  Marine x2  
  131  8:05  Drilling Claws  
  134  8:07  Marine x3  
  134  8:10  Marine  
  134  8:11  Supply Depot  
  138  8:13  Marine x2  
  138  8:17  Bunker  
  138  8:19  Marine  
  141  8:21  Medivac, Marine x2  
  141  8:24  Supply Depot, Marine  
  141  8:25  Supply Depot, Marine x2  
  142  8:27  Marine  
  142  8:29  Widow Mine  
  142  8:31  Marine  
  142  8:32  Marine  
  147  8:35  Widow Mine  
  147  8:36  Widow Mine  
  147  8:37  Marine  
  147  8:39  Marine  
  147  8:40  Marine  
  154  8:42  Marine  
  154  8:46  Medivac  
  154  8:47  Marine  
  158  8:50  Widow Mine  
  158  8:51  Medivac  
  158  8:53  Marine  
  155  8:57  Widow Mine  
  155  9:00  Marine  
  155  9:02  Marine  
  157  9:04  Marine  
  157  9:05  Missile Turret, Marine x3  
  157  9:08  Barracks  
  157  9:09  Barracks x2  
  162  9:11  Marine x2  
  162  9:13  Widow Mine x2  
  168  9:18  Widow Mine  
  168  9:20  Marine  
  168  9:21  Planetary Fortress, Marine  
  169  9:29  Marine x2  
  169  9:30  Marine  
  169  9:34  Widow Mine x2  
  171  9:40  Widow Mine  
  171  9:43  Marine  
  171  9:44  Marine x2  
  171  9:45  Marine x3  
  174  9:47  Marine  
  174  9:49  Marine  
  173  9:55  Marine  
  173  9:56  Widow Mine x2  
  176  10:03  Marauder, Marine x2  
  157  10:07  Marine x3  
  157  10:11  Marine x2  
  156  10:15  Barracks Tech Lab x2  
  156  10:16  Barracks Tech Lab  
  156  10:17  Siege Tank  
  156  10:19  Command Center  
  148  10:22  Marine  
  148  10:25  Marauder  
  148  10:26  Widow Mine, Marine x2  
  155  10:34  Terran Infantry Weapons Level 3, Terran Infantry Armor Level 3  
  151  10:38  Marauder, Marine x3  
  151  10:42  Marauder, Marine  
  155  10:43  Marine x2  
  155  10:44  Marauder  
  155  10:46  Marauder  
  155  10:49  Siege Tank  
  161  10:52  Marine  
  161  10:53  Marine  
  161  10:55  Medivac  
  160  10:59  Marine x2  
  160  11:00  Marauder  
  160  11:04  Marauder, Widow Mine  
  165  11:05  Marauder  
  165  11:06  Marine  
  165  11:07  Marauder  
  165  11:08  SCV, Marine  
  165  11:11  Medivac  
  174  11:12  Marine  
  174  11:13  Marine  
  174  11:14  Marine x2  
  178  11:19  Marine x2  
  178  11:21  Marauder, Widow Mine  
  178  11:24  Marine  
  178  11:25  Marauder  
  179  11:26  Marauder  
  179  11:28  Marine  
  179  11:29  Marauder, Marine  
  179  11:31  Marine  
  179  11:32  Marine x2  
  175  11:37  Marine  
  175  11:39  Marine  
  162  11:41  Marine  
  162  11:42  Marauder  
  162  11:44  Widow Mine  
  162  11:46  Marauder, Marine  
  152  11:47  Marine  
  152  11:48  Marauder  
  152  11:49  Marine  
  152  11:50  Marine x2, Widow Mine  
  152  11:51  Marine  
  160  11:54  Marine  
  160  11:55  Concussive Shells  
  160  11:56  Marine  
  160  11:59  Marine  
  163  12:03  Marine  
  163  12:04  Marine  
  163  12:06  Marine x2  
  163  12:08  Marauder x2, Marine  
  172  12:14  Planetary Fortress  
  172  12:15  Marine x2  
  175  12:16  Marauder  
  175  12:17  Marine x2  
  175  12:20  Widow Mine  
  175  12:22  Widow Mine  
  179  12:25  Marine x3  
  179  12:28  Widow Mine  
  179  12:29  Marine  
  180  12:34  Marine x2  
  180  12:35  Marauder  
  180  12:36  Marine  
  185  12:40  Marine  
  185  12:41  Marine  
  185  12:42  Missile Turret  
  185  12:43  Marine x2  
  183  12:45  Marine  
  183  12:48  Widow Mine  
  183  12:49  Marine  
  183  12:50  Marine  
  187  12:51  Marauder  
  187  12:52  Marine  
  187  12:54  Medivac  
  187  12:57  Medivac  
  187  12:58  Marine  
  185  12:59  Marine x2  
  185  13:02  Marauder  
  185  13:03  Widow Mine  
  192  13:06  Marine x3  
  195  13:17  Marauder, Marine x2  
  157  13:20  Marine  
  157  13:21  Marauder, Marine  
  157  13:22  Marine  
  157  13:24  Medivac  
  144  13:27  Medivac  
  144  13:28  Marine  
  144  13:29  Marauder, Marine x2  
  144  13:30  Marauder  
  140  13:34  Marine  
  140  13:35  SCV, Marine  
  140  13:38  Marine x3  
Tags
 
Add a new tag
Caveats
  • Supply blocks, unpowered buildings, or Contaminate may cause inaccurate times.
  • Supply counts are checked every 10 seconds.